 Dungeon Crawl Stone Soup version 0.25-a0-479-g8579842fd4 (webtiles) character file.

Game seed: 10592749987430245280, levelgen mode: deterministic

15 Alarak the Skirmisher (level 2, -1/28 HPs)
             Began as a Hill Orc Fighter on Feb 9, 2020.
             Slain by an adder (2 damage)
             ... on level 2 of the Dungeon.
             The game lasted 00:02:05 (749 turns).

Alarak the Skirmisher (Hill Orc Fighter)             Turns: 749, Time: 00:02:06

Health: -1/28      AC:  6    Str: 18    XL:     2   Next: 50%
Magic:  2/2        EV:  7    Int:  8    God:
Gold:   27         SH:  9    Dex: 10    Spells: 1/1 levels left

rFire    . . .     SeeInvis .   a - +0 war axe
rCold    . . .     Gourm    .   c - +0 shield
rNeg     . . .     Faith    .   b - +0 scale mail
rPois    .         Spirit   .   (no helmet)
rElec    .         Reflect  .   (no cloak)
rCorr    .         Harm     .   (no gloves)
MR       .....                  (no boots)
Stlth    ..........             (no amulet)
HPRegen  0.09/turn              (no ring)
MPRegen  0.08/turn              (no ring)

@: no status effects
A: no striking features
a: no special abilities


You were on level 2 of the Dungeon.
You were not hungry.

You visited 1 branch of the dungeon, and saw 2 of its levels.

You collected 27 gold pieces.

Inventory:

Hand Weapons
 a - a +0 war axe (weapon)
 g - a +1 short sword of holy wrath
Armour
 b - a +0 scale mail (worn)
 c - a +0 shield (worn)
Scrolls
 e - 3 scrolls of identify {unknown}
 h - a scroll of remove curse {unknown}
 j - a scroll of enchant armour {unknown}
 l - a scroll of enchant weapon {unknown}
Potions
 d - a potion of might
 i - a potion of lignification {unknown}
 k - a potion of curing {unknown}
Comestibles
 f - 2 rations
 m - 2 chunks of flesh


   Skills:
 + Level 4.6 Fighting
 - Level 2.6 Axes
 - Level 3.2 Armour
 - Level 3.2 Shields


You had one spell level left.
You didn't know any spells.
Your spell library was empty.

Dungeon Overview and Level Annotations

Branches:
Dungeon (2/15)

Altars:


Message History

* * * LOW HITPOINT WARNING * * *
You block the leopard gecko's attack.
You miss the leopard gecko.
The leopard gecko is severely wounded.
You hit the hobgoblin but do no damage.
The hobgoblin hits you but does no damage.
You block the leopard gecko's attack.
The leopard gecko bites you but does no damage.
The hobgoblin completely misses you.
You miss the leopard gecko.
The leopard gecko is severely wounded.
You closely miss the hobgoblin. You block the leopard gecko's attack.
The hobgoblin hits you with a +0 club.
* * * LOW HITPOINT WARNING * * *
The leopard gecko bites you.
* * * LOW HITPOINT WARNING * * *
You block the leopard gecko's attack. The leopard gecko barely misses you.
The adder bites you.
You die...

#. ........# #.
........# ..
.........!# ..#
##.#.......# #..
.#.....%..# #.#
#!#w......# #.#=##g#.#
#..#.g#S.#####
#.#.##@#l....#
#.....g.g....#
#########.#...+(=...$#
+...#...†.#.###......#
#.....†...# #.######
#####.####### #.#
#...#.# #.# #.#.#.#
#.# #.#.#.# ..#


You could see a worm, an adder, 2 hobgoblins and a goblin.

Vanquished Creatures
  A worm (D:2)
  A bat (D:1)
  2 giant cockroaches (D:2)
  2 goblins (D:1)
  A hobgoblin (D:1)
  A quokka (D:2)
  2 kobolds (D:1)
10 creatures vanquished.

Notes
Turn   | Place    | Note
-------+----------+-------------------------------------------
     0 | D:1      | Alarak the Hill Orc Fighter began the quest for the Orb.
     0 | D:1      | Reached XP level 1. HP: 19/19 MP: 1/1
   237 | D:1      | Reached skill level 4 in Fighting
   420 | D:1      | Reached XP level 2. HP: 18/27 MP: 2/2
   746 | D:2      | HP: 1/28 [leopard gecko (4)]
   749 | D:2      | Slain by an adder

Levels and vault maps discovered:
D:1:      giann_horns, layout_basic
D:2:      layout_basic, chequers_serial_rivers_marsh, minmay_small_reverse_x

Skill      XL: |  1 |
---------------+----+-----
Fighting       | 4 |  4.6
Axes           | |  2.6
Armour         | |  3.2
Shields        | |  3.2

Action                   || total
-------------------------++-------
Melee: War axe           ||    29
Armor: Scale mail        ||    14
Dodge: Dodged            ||    14
Block: Shield            ||    22

Table legend:
 A = Non-vault XP
 B = Vault XP
 C = Vault XP percentage of total XP
 D = Non-vault monster count
 E = Vault monster count
 F = Vault count percentage of total count
                 A         B        C        D         E       F
            +---------+---------+-------+---------+---------+-------
      Total |      15 |       7 |  31.8 |       8 |       2 |  20.0
            +---------+---------+-------+---------+---------+-------
        D:1 |      11 |       0 |   0.0 |       6 |       0 |   0.0
        D:2 |       4 |       7 |  63.6 |       2 |       2 |  50.0
            +---------+---------+-------+---------+---------+-------
